Unix NetHack Version 5.0.0-0 post-release - last build Jun 10 2026 00:39:30 (3ee93aec679c4c4259841fe613dc97188e26a321,branch:main).

Game began 2026-06-10 09:27:19, ended 2026-06-10 09:41:00.

LDaviesPeters, neutral female human Archeologist

                    ----- ----
                  ---...| |...
                  |.....|--.-
                  |.....|...|
                  --...<..---
                   |...@..|
                   --.h........
                   -...........-
                  .....|.........
                -.....---.........|
                ......   -.--..----
                |.....    -- ---
                --.|.-
                 ----

LDaviesPeters the Field Worker  St:14 Dx:11 Co:10 In:17 Wi:14 Ch:9  Neutral
Dlvl:3  $:0  HP:0(25) Pw:15(15) AC:7  Xp:3 T:976 

Latest messages:
 The little dog misses the shrieker.
 The little dog bites the shrieker.
 You miss the shrieker.
 The shrieker shrieks.
 The little dog misses the shrieker.
 The little dog misses the shrieker.
 You lash the shrieker.
 The little dog bites the shrieker.
 The little dog misses the shrieker.
 You miss the shrieker.
 The little dog misses the shrieker.
 You lash the shrieker.
 The little dog misses the shrieker.
 The little dog misses the shrieker.
 You miss the shrieker.
 The little dog bites the shrieker.
 You kill the shrieker!
 Welcome to experience level 3.
 You descend the stairs.
 You kill the gnome!
 You lash the gnome.
 The gnome just misses!
 You miss the gnome.
 The gnome hits!
 You kill the gnome!
 You kill the gnome!
 You see here a gnome corpse.
 There is a gnome corpse here; eat it? [ynq] (n) y
 This gnome corpse tastes terrible!
 You finish eating the gnome corpse.
 Pick a monster, object or location.
 %        a piece of food (an orc corpse)
 You hear crashing rock.
 You kill the gnome!
 The gnome hits!
 You lash the gnome.
 You lash the gnome.
 You kill the gnome!
 The dwarf wields a broad short sword!
 The dwarf is hit by an arrow!
 The dwarf picks up a green gem.
 You miss the dwarf.
 You miss the dwarf.
 The dwarf thrusts his broad short sword.
 The dwarf hits!
 You miss the dwarf.
 The dwarf thrusts his broad short sword.
 The dwarf hits!
 You die...
 Do you want your possessions identified? [ynq] (y) q

Inventory:
 Weapons  (')')
  y - a +0 orcish dagger
  a - a +2 bullwhip (weapon in right hand)
 Armor    ('[')
  c - a blessed +0 fedora
  z - a blessed +0 orcish helm (being worn)
  n - an uncursed +0 orcish helm
  q - an uncursed +0 orcish helm
  s - a blessed +0 pair of leather gloves (being worn)
  h - an uncursed +0 leather jacket (being worn)
 Comestibles  ('%')
  d - 8 uncursed food rations
 Rings    ('=')
  k - an uncursed ring of sustain ability (on left hand)
 Wands    ('/')
  u - a wand of create monster (0:13)
  v - a wand of digging (0:4)
  t - a wand of light (0:13)
  x - a wand of secret door detection (0:11)
  w - a wand of teleportation (0:6)
 Tools    ('(')
  b - an uncursed sack containing 4 items
  l - an uncursed oil lamp
  f - a tinning kit (0:64)
 Gems/Stones  ('*')
  o - an uncursed jet stone
  g - an uncursed touchstone

Contents of the sack:
  13 gold pieces
  an uncursed scroll of stinking cloud
  an uncursed potion of restore ability
  a +0 pick-axe

LDaviesPeters the Archeologist's attributes:

Background:
 You were a Field Worker, a level 3 female human Archeologist.
 You were neutral, on a mission for Camaxtli
 who was opposed by Quetzalcoatl (lawful) and Huhetotl (chaotic).
 You were right-handed.
 You were in the Gnomish Mines, on level 3.
 You entered the dungeon 976 turns ago.
 You had 75 experience points, 5 more were needed to attain level 4.

Basics:
 You had 0 out of 25 hit points.
 You had all 15 energy points (spell power).
 Your armor class was 7.
 Your wallet was empty, but
 you had 13 zorkmids stashed away in your pack.
 Autopickup was off.

Final Characteristics:
 Your strength was 14 (limit:18/100).
 Your dexterity was 11 (limit:18).
 Your constitution was 10 (limit:18).
 Your intelligence was 17 (limit:18).
 Your wisdom was 14 (limit:18).
 Your charisma was 9 (limit:18).

Final Status:
 You weren't hungry.
 You were unencumbered.
 You were wielding a whip.
 You had basic skill with whip.

Final Attributes:
 You were devoutly aligned.
 You had automatic searching.
 You had fixed abilities.
 You are dead.

Miscellaneous:
 You didn't encounter any bones levels.
 Total elapsed playing time was 13 minutes and 41 seconds.

Major events:
 Turn
    1: LDaviesPeters the neutral female human Archeologist entered the dungeon
  914: attained the rank of Field Worker (level 3)
  931: entered the Gnomish Mines
  976: killed by a dwarf

You didn't know any spells.

Skills:
 Fighting Skills
   bare handed combat [Unskilled]
   two weapon combat  [Unskilled]
   riding             [Unskilled]
 Weapon Skills
   dagger             [Unskilled]
   knife              [Unskilled]
   pick-axe           [Basic]
   short sword        [Unskilled]
   saber              [Unskilled]
   club               [Unskilled]
   quarterstaff       [Unskilled]
   sling              [Unskilled]
   dart               [Unskilled]
   boomerang          [Unskilled]
   whip               [Basic]
   unicorn horn       [Unskilled]
 Spellcasting Skills
   attack spells      [Unskilled]
   healing spells     [Unskilled]
   divination spells  [Unskilled]
   matter spells      [Unskilled]

Voluntary challenges:
 Character rerolling was not enabled.
 You were an atheist.
 You never genocided any monsters.
 You never polymorphed an object.
 You never changed form.
 You used no wishes.
Achievements:
 You entered a shop.
 You attained the rank of Field Worker.
 You entered the Gnomish Mines.

 The Dungeons of Doom: levels 1 to 2
    Level 1:
    Level 2:
       A wand shop, a fountain.
       Stairs down to The Gnomish Mines.
 The Gnomish Mines:
    Level 3: <- You were here.
       Final resting place for
          you, killed by a dwarf.


Vanquished creatures:
  a shrieker
  5 gnomes
  2 jackals
  a fox
  a kobold
  4 goblins
  3 grid bugs
  3 newts
20 creatures vanquished.

No species were genocided or became extinct.

Game over:
                       ----------
                      /          \
                     /    REST    \
                    /      IN      \
                   /     PEACE      \
                  /                  \
                  |  LDaviesPeters   |
                  |      13 Au       |
                  |   killed by a    |
                  |      dwarf       |
                  |                  |
                  |                  |
                  |       2026       |
                 *|     *  *  *      | *
        _________)/\\_//(\/(/\)/\//\/|_)_______

Goodbye LDaviesPeters the Archeologist...

You died in The Gnomish Mines on dungeon level 3 with 452 points,
and 13 pieces of gold, after 976 moves.
You were level 3 with a maximum of 25 hit points when you died.

